 Dungeon Crawl Stone Soup version 0.20-a0-623-g0431c14 (webtiles) character file.

6779 shpingle the Gouger (level 10, -1/48 HPs)
             Began as a Felid Warper on Feb 11, 2017.
             Was an Elder of Ieoh Jian.
             Slain by a killer bee (3 damage)
             ... on level 10 of the Dungeon.
             The game lasted 01:52:04 (18861 turns).

shpingle the Gouger (Felid Warper)                 Turns: 18861, Time: 01:52:05

Health: -1/48      AC:  4    Str:  7    XL:     10   Next: 76%
Magic:  23/26      EV: 26    Int: 13    God:    Ieoh Jian [****..]
Gold:   1101       SH:  0    Dex: 19    Spells: 3/17 levels left
                                        Lives:  0   Deaths: 3

rFire    . . .     SeeInvis +     - Unarmed
rCold    . . .     Gourm    .   (armour unavailable)
rNeg     . . .     Faith    +   (shield unavailable)
rPois    .         Spirit   .   (helmet unavailable)
rElec    .         Reflect  .   (cloak unavailable)
rCorr    .         Harm     .   (gloves unavailable)
MR       +....                  (boots unavailable)
Stlth    +++++.....             v - amulet of faith
Regen    0.2/turn               G - ring of magical power
                                J - ring of wizardry

@: lethally poisoned (-1 -> -6), exhausted, quick
A: no armour, no weapons or thrown items, stealth, claws 1, fangs 3, iridescent
scales 1, see invisible, carnivore 3, dopey 1, speed 1, robust 1, shaggy fur 2,
slow metabolism 1, MP-powered wands, sharp paws
a: Serpent's Lash, Renounce Religion


You were on level 10 of the Dungeon.
You worshipped Ieoh Jian.
Ieoh Jian was greatly pleased with you.
You were completely stuffed.

You visited 2 branches of the dungeon, and saw 11 of its levels.
You also visited: Bailey.

You collected 1101 gold pieces.

Inventory:

Missiles
 d - 480 stones
Jewellery
 j - an uncursed ring of resist corrosion
 l - an uncursed ring of resist corrosion
 v - an amulet of faith (around neck)
 G - a ring of magical power (right paw)
 J - a ring of wizardry (left paw)
 U - an uncursed amulet of regeneration {unknown}
Wands
 m - a wand of polymorph (24/24)
 E - a wand of paralysis (8/24)
 F - a wand of iceblast (0/15)
 X - a wand of flame (16/48)
 Z - a wand of confusion (6/48)
Scrolls
 k - 3 scrolls of teleportation
 y - 2 scrolls of remove curse
 V - a scroll of immolation
 W - a scroll of vulnerability
Potions
 e - a potion of curing
 n - 3 potions of flight
 q - 2 potions of cancellation
 z - 4 potions of mutation
 H - a potion of resistance
 K - a potion of ambrosia
 M - a potion of degeneration
 R - a potion of haste {unknown}
 S - 2 potions of lignification
Books
 a - a book of Spatial Translocations

   Spells                             Type                      Level
   a - Blink                          Translocation                2
   b - Shroud of Golubria             Charms/Translocation         2
   c - Lesser Beckoning               Translocation                3
   d - Portal Projectile              Translocation                3
   e - Teleport Other                 Translocation                3
   f - Passage of Golubria            Translocation                4
 A - a book of Maledictions

   Spells                             Type                      Level
   a - Corona                         Hexes                        1
   b - Ensorcelled Hibernation        Hexes/Ice                    2
   c - Confuse                        Hexes                        3
   d - Tukima's Dance                 Hexes                        3
   e - Dazzling Spray                 Conjuration/Hexes            3
 O - a book of Necromancy

   Spells                             Type                      Level
   a - Pain                           Necromancy                   1
   b - Animate Skeleton               Necromancy                   1
   c - Vampiric Draining              Necromancy                   3
   d - Regeneration                   Charms/Necromancy            3
   e - Animate Dead                   Necromancy                   4
   f - Control Undead                 Necromancy                   4
 Y - a book of Cantrips

   Spells                             Type                      Level
   a - Confusing Touch                Hexes                        1
   b - Animate Skeleton               Necromancy                   1
   c - Summon Small Mammal            Summoning                    1
   d - Apportation                    Translocation                1
Miscellaneous
 T - a phial of floods (inert)
Comestibles
 c - 6 meat rations
 s - 4 royal jellies
 Q - 6 chunks of flesh


   Skills:
 + Level 5.4 Fighting
 + Level 9.5 Dodging
 + Level 10.4 Stealth
 * Level 10.8 Unarmed Combat
 + Level 4.1 Spellcasting
 - Level 2.5 Conjurations
 + Level 9.2 Hexes
 - Level 6.0 Translocations
 - Level 2.6 Ice Magic


You had 3 spell levels left.
You knew the following spells:

 Your Spells              Type           Power        Failure   Level  Hunger
a - Shroud of Golubria    Chrm/Tloc      ##........   4%          2    ##.....
b - Blink                 Tloc           N/A          1%          2    ##.....
c - Ensorcelled Hibernat  Hex/Ice        ###...       1%          2    ##.....
d - Dazzling Spray        Conj/Hex       ###...       3%          3    ###....
e - Apportation           Tloc           ###...       1%          1    None
f - Passage of Golubria   Tloc           N/A          7%          4    ####...


Dungeon Overview and Level Annotations

Branches:
Dungeon (10/15)            Temple (1/1) D:5             Orc (0/2) D:9
   Lair: D:8-11

Altars:
Ashenzari
Cheibriados
Dithmenos
Elyvilon
Fedhas
Gozag
Hepliaklqana Ieoh Jian
Kikubaaqudgha
Makhleb
Nemelex Xobeh
Okawaru
Qazlal
Ru
Sif Muna
Trog
Uskayaw
Vehumet
Xom
Yredelemnul
Zin
The Shining One

Shops:
D:7 =

Annotations:
D:3 exclusion: downstairs
D:5 exclusions: 2 gnolls and gnoll shaman
D:6 exclusion: oklob plant
D:8 exclusion: downstairs
D:9 Gastronok


Innate Abilities, Weirdness & Mutations

You cannot wear armour.
You are incapable of wielding weapons or throwing items.
Your paws allow you to move quietly. (Stealth)
You have sharp claws.
You have razor-sharp teeth.
You have supernaturally acute eyesight. (SInv)
You are carnivorous and can eat meat at any time.
You cover ground quickly.
You are covered in thick fur. (AC +2)
You have a slow metabolism.
Your sharp claws are effective at attacking unaware monsters.
You are partially covered in iridescent scales. (AC +2)
You are dopey. (Int -2)
You are robust. (+10% HP)
You expend magic power (3 MP) to strengthen your wands.


Message History

You barely miss the killer bee.
The killer bee is heavily wounded.
SWOOSH!!!
Evoke which item? (* to show all) (? for menu, Esc to quit)
Aim the phial where?
Press: ? - help, Shift-Dir - straight line, p - killer bee The torrent of water misses the killer bee.
The torrent of water hits the orc wizard.
You kill the orc wizard!
The council accepts your kill.
The wave splashes down.
The water rises up and takes form.
You feel sick.
You hear a shout!
The killer bee misses you. The killer bee completely misses you.
The orc hits your water elemental with a short sword.
You scratch the killer bee.
The killer bee is severely wounded.
You feel sick. The killer bee stings you!
* * * LOW HITPOINT WARNING * * *
The killer bee stings you.
You die... █████████████████

█. ................ █..
..██..█...█..█..█. █..██
.....█........... ...
█████████o.........███
...█.≈Ey@§.█.....█..█.█..
█..██.█.≈o██..█.██.......███
█.....'≈≈.█████.██....██████
█.....█.o.█.o.o.██.█'██.....
█.██..██'██.█†o.██.█.█.↑....
.........o.█.(.██.█.█.≈≈≈≈≈
.......█...█†..██.'...↑◙◙◙◙
█..██.......█...██.█.↑↑≈◙...
█.....█████.█...██.█...≈..∩.


You could see a killer bee, an orc and a friendly water elemental.

Vanquished Creatures
  2 two-headed ogres
  An ogre mage (D:9)
  The ghost of Laraso the Bludgeoner, a novice MiFi of Ieoh Jian (Bailey)
  The ghost of shpingle the Cruncher, a novice FoGl of Ieoh Jian (D:9)
  Pikel (D:7)
  An orc knight (Bailey)
  Maurice (D:9)
  A troll (D:9)
  Prince Ribbit (D:6)
  Grinder (D:4)
  A hippogriff (D:10)
  Eustachio (D:4)
  A wyvern (D:10)
  Menkaure (D:7)
  A water moccasin (D:10)
  2 sky beasts (D:10)
  Duvessa (D:4)
  4 orc warriors
  A phantom (D:5)
  An eye of draining (D:10)
  7 ogres
  A necrophage (D:6)
  2 centaurs
  A crocodile (D:10)
  A bullfrog (D:6)
  Dowan (D:4)
  A scorpion (D:9)
  16 killer bees
  7 howler monkeys
  7 crimson imps
  5 bullfrog zombies
  2 hounds
  A centaur zombie (D:6)
  A bullfrog skeleton (D:4)
  An orc priest (D:6)
  3 jellies
  5 centaur skeletons
  A gnoll shaman (D:5)
  4 iguanas
  9 orc wizards
  6 worker ants
  A hound zombie (D:4)
  A worker ant zombie (D:4)
  13 gnolls
  A howler monkey skeleton (D:4)
  14 adders
  3 river rats
  4 oozes
  An adder skeleton (D:4)
  2 adder zombies
  3 worms
  3 leopard geckos
  29 orcs
  4 ball pythons
  7 bats
  3 giant cockroaches
  13 goblins
  16 hobgoblins
  17 jackals
  21 kobolds
  7 quokkas
  A ball python skeleton (D:4)
  A ball python zombie (D:4)
  4 frilled lizards
  A giant cockroach zombie (D:4)
  A leopard gecko skeleton (D:6)
  9 rats
  A plant (D:6)
288 creatures vanquished.

Vanquished Creatures (others)
  2 slaves (D:7)
  12 toadstools (D:6)
14 creatures vanquished.

Grand Total: 302 creatures vanquished

Notes
Turn   | Place    | Note
-------+----------+-------------------------------------------
     0 | D:1      | shpingle the Felid Warper began the quest for the Orb.
     0 | D:1      | Reached XP level 1. HP: 9/9 MP: 4/4
   707 | D:1      | Reached XP level 2. HP: 13/13 MP: 6/6
  1265 | D:1      | Learned a level 2 spell: Shroud of Golubria
  1268 | D:1      | Learned a level 2 spell: Blink
  1389 | D:1      | Reached skill level 3 in Unarmed Combat
  1813 | D:2      | Reached XP level 3. HP: 11/16 MP: 5/7
  1927 | D:2      | Found a deep blue altar of Sif Muna.
  2102 | D:2      | Reached skill level 3 in Stealth
  2435 | D:2      | Reached XP level 4. HP: 19/19 MP: 5/8
  2451 | D:2      | Found a hazy altar of Hepliaklqana.
  4072 | D:3      | Reached XP level 5. HP: 22/22 MP: 7/9
  4391 | D:4      | Noticed Grinder
  4392 | D:4      | Noticed an ogre
  5513 | D:4      | Paralysed by Grinder for 6 turns
  5529 | D:4      | Killed Grinder
  5529 | D:4      | Gained mutation: You are covered in thick fur. (AC +2) [Felid growth]
  5529 | D:4      | Reached XP level 6. HP: 26/26 MP: 8/10
  5595 | D:4      | Noticed Dowan
  5598 | D:4      | Noticed Duvessa
  6212 | D:4      | Learned a level 2 spell: Ensorcelled Hibernation
  6308 | D:4      | Reached XP level 7. HP: 26/30 MP: 9/11
  6417 | D:4      | Noticed Eustachio
  6460 | D:4      | Slain by a river rat
  6461 | D:4      | Reached XP level 6. HP: -3/26 MP: 10/10
  6583 | D:5      | Entered Level 5 of the Dungeon
  6583 | D:5      | Found a burning altar of Makhleb.
  6779 | D:4      | Learned a level 3 spell: Dazzling Spray
  6788 | D:4      | Reached skill level 6 in Stealth
  6897 | D:4      | Killed Duvessa
  6897 | D:4      | Reached skill level 6 in Unarmed Combat
  6897 | D:4      | Reached XP level 7. HP: 30/30 MP: 1/11
  7020 | D:4      | Killed Eustachio
  7020 | D:4      | Reached skill level 3 in Hexes
  7295 | D:5      | Found a sacrificial altar of Ru.
  7298 | D:5      | Found a staircase to the Ecumenical Temple.
  7298 | D:5      | Found a glowing silver altar of Zin.
  7310 | Temple   | Entered the Ecumenical Temple
  7326 | Temple   | Became a worshipper of the Ieoh Jian Council
  8330 | D:6      | Reached XP level 8. HP: 11/33 MP: 6/12
  8748 | D:6      | Slain by a killer bee
  8749 | D:6      | Reached XP level 7. HP: -5/30 MP: 3/20
  8924 | D:6      | Reached skill level 6 in Dodging
  9314 | D:4      | Reached * piety under Ieoh Jian
  9651 | D:4      | Killed Dowan
 10357 | D:5      | Found an opulent altar of Gozag.
 10703 | D:5      | Reached XP level 8. HP: 25/33 MP: 1/12
 10855 | D:6      | Noticed Prince Ribbit
 11055 | D:6      | Found a blossoming altar of Fedhas.
 11067 | D:6      | Noticed an oklob plant
 11924 | D:6      | HP: 1/33 [acid (5)]
 12597 | D:7      | Found Plog's Jewellery Boutique.
 13081 | D:6      | Killed Prince Ribbit
 13081 | D:6      | Reached ** piety under Ieoh Jian
 13081 | D:6      | Reached skill level 6 in Hexes
 13082 | D:6      | heyo, walljump!
 13187 | D:7      | Noticed Menkaure
 13193 | D:7      | Killed Menkaure
 13193 | D:7      | Reached XP level 9. HP: 12/37 MP: 7/13
 13855 | D:7      | Noticed Pikel
 13925 | D:7      | Killed Pikel
 13925 | D:7      | Reached skill level 3 in Fighting
 13925 | D:7      | Reached skill level 6 in Translocations
 14070 | D:8      | no puss in boots :(
 14193 | D:8      | Reached skill level 9 in Unarmed Combat
 14442 | D:8      | Noticed a two-headed ogre
 14464 | D:8      | Killed a two-headed ogre
 14464 | D:8      | Reached skill level 9 in Stealth
 14646 | D:8      | Reached XP level 10. HP: 42/42 MP: 8/14
 14881 | D:8      | Reached *** piety under Ieoh Jian
 15148 | D:8      | Found a white marble altar of Elyvilon.
 15148 | D:8      | Found a shadowy altar of Dithmenos.
 15153 | D:8      | Found a stormy altar of Qazlal.
 15156 | D:8      | Found a faded altar of an unknown god.
 15158 | D:8      | Found a faded altar of an unknown god.
 15317 | D:9      | Noticed Gastronok
 15666 | D:9      | Noticed Maurice
 15670 | D:9      | Killed Maurice
 15932 | D:9      | Identified the Guide on Lightness and Summoning
 15958 | D:9      | Learned a level 1 spell: Apportation
 15963 | D:9      | Learned a level 4 spell: Passage of Golubria
 16235 | D:9      | Found a staircase to the Orcish Mines.
 16265 | D:9      | Noticed shpingle's ghost (novice FoGl)
 16303 | D:9      | Killed shpingle's ghost
 16303 | D:9      | Reached skill level 3 in Spellcasting
 16545 | D:10     | Entered Level 10 of the Dungeon
 16699 | D:10     | Found a flagged portal.
 16788 | D:10     | Noticed a two-headed ogre
 16808 | D:10     | Noticed an ogre mage
 16816 | D:10     | Noticed a two-headed ogre
 17134 | Bailey   | Entered a bailey
 17134 | Bailey   | Noticed Laraso's ghost (novice MiFi)
 17151 | Bailey   | Slain by Laraso's ghost
 17152 | Bailey   | Reached XP level 9. HP: -5/40 MP: 24/24
 17325 | Bailey   | Gained mutation: You are partially covered in iridescent scales. (AC +2) [potion of mutation]
 17325 | Bailey   | Gained mutation: You expend magic power (3 MP) to strengthen your wands. [potion of mutation]
 17325 | Bailey   | Gained mutation: You are dopey. (Int -2) [potion of mutation]
 17325 | Bailey   | Gained mutation: You are robust. (+10% HP) [potion of mutation]
 17382 | Bailey   | Noticed an orc knight
 17394 | Bailey   | Reached **** piety under Ieoh Jian
 17403 | Bailey   | Killed an orc knight
 17462 | Bailey   | Killed Laraso's ghost
 17462 | Bailey   | Reached skill level 9 in Dodging
 17462 | Bailey   | Reached XP level 10. HP: 45/48 MP: 5/16
 17871 | D:10     | infinite screaming.
 17922 | D:9      | Killed an ogre mage
 18622 | D:10     | Noticed a two-headed ogre
 18630 | D:10     | Killed a two-headed ogre
 18632 | D:10     | LOL
 18638 | D:10     | Reached skill level 9 in Hexes
 18861 | D:10     | HP: 2/48 [killer bee (10)]
 18861 | D:10     | Slain by a killer bee

Vault maps used:
D:1:      dpeg_arrival_tiny_g, minmay_unequal
D:2:      led_sif_pool, old_standard_altar, minmay_heptomino_o4
D:3:      portal_sewer_entry_e
D:4:      serial_undead, serial_undead_d, serial_undead_f, serial_undead_a,
          serial_undead_c, roderic_roman_lattice, uniq_duvessa, uniq_eustachio,
          uniq_grinder
D:5:      old_standard_altar, chequers_temple_overflow_statue_of_worship,
          minmay_temple_entry_glass, first_bread, serial_bayou,
          serial_bayou_pond_e, serial_bayou_lagoon_a, serial_bayou_ford_a,
          serial_bayou_crossing, nicolae_gozag_seed_capital
D:6:      tgw_fedhas, uniq_prince_ribbit1
D:7:      serial_shops, nicolae_shop_crystal, serial_glass, glass_columns_b,
          glass_columns_b, uniq_pikel, uniq_menkaure
D:8:      chequers_temple_overflow_minitemple
D:9:      orc_0_dummy, uniq_maurice, uniq_gastronok
D:10:     enter_bailey_3
Temple:   nicolae_temple_god_jail
Bailey:   bailey_axe_4, bailey

Skill      XL: |  1  2  3  4  5  6  7  8  9 10 |
---------------+-------------------------------+-----
Stealth        | 2 3 4 5 6 7 8 10 | 10.4
Unarmed Combat | 3 4 5 6 7 8 9 10 | 10.8
Dodging        | 4 5 6 7 9 |  9.5
Hexes          | 2 5 6 7 9 |  9.2
Ice Magic      | 1 2 |  2.6
Conjurations   | 2 |  2.5
Translocations | 5 6 |  6.0
Fighting       | 5 4 |  5.4
Spellcasting   | 4 |  4.1

Action                   |  1- 3 |  4- 6 |  7- 9 | 10-12 || total
-------------------------+-------+-------+-------+-------++-------
Melee: Unarmed           |   134 |   287 |   412 |   235 ||  1068
       Bite              |    18 |    25 |    41 |    32 ||   116
       Punch             |       |     5 |    15 |    17 ||    37
 Cast: Shroud of Golubri |     4 |    30 |    16 |     5 ||    55
       Blink             |       |     4 |       |       ||     4
       Ensorcelled Hiber |       |    11 |    81 |    31 ||   123
       Dazzling Spray    |       |       |    96 |    19 ||   115
       Passage of Golubr |       |       |       |     3 ||     3
 Abil: Serpent's Lash    |       |       |       |     2 ||     2
Evoke: Wand              |       |       |     4 |     4 ||     8
       Phial of floods   |       |       |       |     1 ||     1
  Use: Scroll            |       |     6 |     7 |     7 ||    20
       Potion            |       |     1 |     9 |     7 ||    17
 Stab: Sleeping          |     6 |    18 |    40 |    21 ||    85
       Distracted        |     1 |       |     3 |     2 ||     6
       Invisible         |       |       |     9 |       ||     9
  Eat: Chunk             |    11 |    13 |    40 |    19 ||    83
Armor: Skin              |     4 |    23 |    17 |     7 ||    51
Dodge: Dodged            |    92 |   196 |   298 |   122 ||   708
